 Dungeon Crawl Stone Soup version 0.30.0 (webtiles) character file.

Game seed: 15539780972145700880

58 greenriversoda the Trooper (level 3, -2/31 HPs)
             Began as a Demonspawn Wanderer on July 29, 2023.
             Slain by a gnoll
             ... wielding a +0 flail
              (5 damage)
             ... on level 2 of the Dungeon.
             The game lasted 00:06:19 (1714 turns).

greenriversoda the Trooper (Demonspawn Wanderer)    Turns: 1714, Time: 00:06:20

Health: -2/31      AC:  8    Str: 18    XL:     3   Next: 76%
Magic:  2/5        EV: 11    Int: 16    God:
Gold:   85         SH:  0    Dex: 11    Spells: 3/4 levels left

rFire   . . .        l - +0 war axe
rCold   . . .        (no shield)
rNeg    . . .        e - +0 leather armour
rPois   .            (no helmet)
rElec   .            (no cloak)
rCorr   .            h - +0 pair of gloves
SInv    .            (no boots)
Will    .....        (no amulet)
Stlth   +            k - +6 ring of intelligence
HPRegen 0.25/turn    p - +4 ring of protection
MPRegen 0.09/turn

%: no passive effects
@: no status effects
A: ignite blood 1
a: no special abilities


You were on level 2 of the Dungeon.
You visited 1 branch of the dungeon, and saw 2 of its levels.

You collected 85 gold pieces.

Inventory:

Hand Weapons
 a - a +0 dagger
 f - a +0 club
 l - a +0 war axe (weapon)
Missiles
 b - 7 poisoned darts (quivered)
 j - 4 curare-tipped darts
Armour
 e - a +0 leather armour (worn)
 h - a +0 pair of gloves (worn)
Jewellery
 k - a +6 ring of intelligence (left hand)
 p - a +4 ring of protection (right hand)
 q - a ring of wizardry
Scrolls
 d - a scroll of silence
 n - 5 scrolls of identify
 s - a scroll of fear {unknown}
Potions
 c - a potion of lignification
 g - 3 potions of resistance
 i - a potion of attraction {unknown}
 m - a potion of ambrosia {unknown}
 o - 2 potions of heal wounds {unknown}
 r - a potion of mutation {unknown}


   Skills:
 * Level 4.5 Fighting
 - Level 0.1 Short Blades
 * Level 0.2(0.4) Axes
 - Level 0.5(0.6) Maces & Flails
 - Level 1.0 Throwing
 * Level 0.6 Armour
 * Level 1.2 Dodging
 - Level 1.0 Stealth
 * Level 1.3 Spellcasting
 + Level 2.9 Ice Magic


You had 3 spell levels left.
You knew the following spells:

 Your Spells              Type           Power      Damage    Failure   Level
a - Freeze                Ice            40%        1d6       8%          1

Your spell library contained the following spells:

 Spells                   Type           Power      Damage    Failure   Level
 Hailstorm                Conj/Ice       5%         3d4       41%         3
 Summon Ice Beast         Ice/Summ       5%         N/A       82%         4


Dungeon Overview and Level Annotations

Branches:
Dungeon (2/15)

Altars:

Shops:
D:2 (


Innate Abilities, Weirdness & Mutations

Your demonic aura sometimes causes spilled blood to erupt in flames.


Message History

The gnoll closely misses you. x2
Unknown command.
Casting: Freeze (safe; 8% risk of failure)
Confirm with . or Enter, or press ? or * to list all spells.
Aiming: Freeze (safe; 8% risk of failure)
Press: ? - help, Shift-Dir - straight line, f - gnoll
Aim: a gnoll, wielding a +0 flail You freeze the gnoll.
The gnoll is moderately wounded.
The gnoll barely misses you.
The gnoll hits you from afar with a +0 spear.
Casting: Freeze (safe; 8% risk of failure)
Confirm with . or Enter, or press ? or * to list all spells.
Aiming: Freeze (safe; 8% risk of failure)
Press: ? - help, Shift-Dir - straight line, f/p - gnoll
Aim: a gnoll, wielding a +0 flail (moderately wounded)
You freeze the gnoll.
The gnoll is heavily wounded.
The gnoll closely misses you. x2
You hit the gnoll.
The gnoll is heavily wounded.
The gnoll misses you.
The gnoll hits you from afar with a +0 spear.
You barely miss the gnoll.
The gnoll is heavily wounded.
The gnoll closely misses you.
The gnoll hits you from afar with a +0 spear. x2
* * * LOW HITPOINT WARNING * * *
The gnoll hits you but does no damage.
You hit the gnoll.
The gnoll is almost dead.
The gnoll hits you but does no damage. The gnoll closely misses you.
You barely miss the gnoll.
The gnoll is almost dead.
The gnoll hits you from afar with a +0 spear.
* * * LOW HITPOINT WARNING * * *
The gnoll hits you with a +0 flail.
* * * LOW HITPOINT WARNING * * *
The gnoll hits you with a +0 flail.
You die...

####### ######### #......
.........# #.....[
.........# .......
........###### .......
..............
.......########.....######
.......gg@...##.....#.....
.......#####.##.....#.####
....... #.##.....#.#<..
....... ##'##.....#.#...
....... #.......#.#.####
....... #.......#+#..?..
....... #............###
######+####............'..
#...................###


You could see 2 gnolls.

Vanquished Creatures
  A gnoll (D:2)
  An adder (D:2)
  A dart slug (D:1)
  2 ball pythons (D:1)
  An endoplasm (D:1)
  3 giant cockroaches (D:1)
  3 goblins
  7 hobgoblins
  6 jackals (D:1)
  3 kobolds (D:1)
  2 bats (D:1)
  2 frilled lizards (D:2)
  A rat (D:1)
33 creatures vanquished.

Notes
Turn   | Place    | Note
-------+----------+-------------------------------------------
     0 | D:1      | greenriversoda the Demonspawn Wanderer began the quest for
                  | the Orb.
     0 | D:1      | greenriversoda set off with the following items: a +0
                  | dagger, 8 poisoned darts, a potion of lignification, a
                  | scroll of silence, a +0 leather armour; and the following
                  | spell memorised: Freeze; and the following spells available
                  | to memorise: Hailstorm, Summon Ice Beast.
     0 | D:1      | Reached XP level 1. HP: 19/19 MP: 2/2
    45 | D:1      | Gained mutation: Your demonic aura sometimes causes spilled
                  | blood to erupt in flames. [demonic ancestry]
    45 | D:1      | Reached XP level 2. HP: 16/25 MP: 3/3
   712 | D:1      | Reached XP level 3. HP: 11/31 MP: 0/4
  1169 | D:2      | Reached skill level 1 in Dodging
  1417 | D:2      | Found Geupp's Weapon Shoppe.
  1714 | D:2      | Slain by a gnoll

Illustrated notes

Levels and vault maps discovered:
D:1:      lightli_arrival_noodles, layout_basic
D:2:      layout_basic, serial_shops, shop

Skill      XL: |  1  2  3 |
---------------+----------+-----
Dodging        | 1 |  1.2
Fighting       | |  4.5
Short Blades   | |  0.1
Axes           | |  0.2
Maces & Flails | |  0.5
Throwing       | |  1.0
Armour         | |  0.6
Stealth        | |  1.0
Spellcasting   | |  1.3
Ice Magic      | |  2.9

Action                     || total
---------------------------++-------
  Melee: Dagger            ||    50
         Club              ||    74
         War axe           ||    27
  Throw: Dart              ||     2
   Cast: Freeze            ||    15
    Use: Scroll            ||     3
   Stab: Sleeping          ||     1
 Armour: Leather armour    ||    65
  Dodge: Dodged            ||   110
